AoeStats
← TPE-床上小旋風

Arena

509835806Analyzed
3v3 RM · 4d ago on Sep 28, 2026· 34m 3s· 6 players
Game mode
Random Map
Map size
Normal (6 player)
Population
200
Speed
Normal
Resources
Standard
Victory
Conquest
Starting age
Dark Age
Ending age
Imperial Age
RankedLock teamsTeams togetherTeam positionsShared explorationLock speedFull tech treeHidden civsTurbo modeCheats
Victory
Defeat
🇷🇺 Danes · Russia
1281
+14
🇦🇺 Ethiopians · Australia
1241
+16
🇦🇺 Huns · Australia
1218
+17
🇷🇺 Hindustanis · Russia
1275
-17
🇨🇳 Armenians · China
1232
-15
🇪🇨 Spanish · Ecuador
1213
-15
砍王
9:50 Feudal Age
11:43 Loom
14:59 Castle Age
13:01 Double-Bit Axe
13:30 Horse Collar
15:06 Gold Mining
El_Warnersito
11:48 Feudal Age
13:20 Wheelbarrow
12:31 Double-Bit Axe
15:41 Castle Age
15:01 Horse Collar
15:12 Gold Mining
16:29 Loom
18:21 Bow Saw
19:32 Padded Archer Armor
22:12 Leather Archer Armor
22:28 Fletching
23:13 Heavy Plow
24:46 Stone Mining
25:51 Fletching
27:33 Hand Cart
29:05 Bodkin Arrow
34:56 Imperial Age
TPE-床上小旋風
10:35 Feudal Age
12:12 Double-Bit Axe
15:13 Castle Age
13:08 Gold Mining
13:09 Horse Collar
18:41 Loom
20:53 Wheelbarrow
22:10 Bow Saw
22:44 Hand Cart
23:15 Bloodlines
25:06 Scale Barding Armor
25:11 Forging
26:48 Husbandry
28:45 Town Watch
29:50 Heavy Plow
30:29 Gold Shaft Mining
29:46 Stone Mining
30:27 Fervor
33:27 Imperial Age
31:53 Chain Barding Armor
32:08 Iron Casting
putinonaritz
10:33 Feudal Age
15:27 Castle Age
25:33 Royal Heirs
29:11 Scale Mail Armor
29:22 Forging
31:02 Squires
33:34 Chain Mail Armor
Ged Opi
10:49 Feudal Age
11:26 Double-Bit Axe
15:32 Castle Age
14:33 Horse Collar
16:25 Bow Saw
16:09 Loom
17:12 Scale Mail Armor
18:26 Fletching
19:20 Squires
26:26 Arson
28:13 Chain Mail Armor
29:06 Forging
29:41 Wheelbarrow
30:11 Bodkin Arrow
32:48 Hand Cart
mukBUBBA
10:47 Feudal Age
15:54 Castle Age
14:22 Double-Bit Axe
14:20 Horse Collar
18:00 Bow Saw
17:53 Heavy Plow
20:54 Wheelbarrow
24:38 Gold Mining
26:10 Gold Shaft Mining
25:52 Stone Mining
29:13 Imperial Age
26:36 Loom
27:19 Hand Cart
27:34 Scale Barding Armor
27:42 Forging
29:02 Chain Barding Armor
29:25 Bloodlines
29:15 Husbandry
30:19 Iron Casting
29:47 Marauders
29:40 Elite Tarkan
31:49 Conscription
32:12 Plate Barding Armor
32:15 Guilds
Connection lost

Rejoining the realm…

Still unreachable

The connection could not be restored.

Session expired

The server has moved on; the page needs a fresh start.